 Dungeon Crawl Stone Soup version 0.14-a0-3154-g428849b (webtiles) character file.

2842 Kae the Severer (level 9, -1/70 HPs)
             Began as a Hill Orc Fighter on Mar 9, 2014.
             Was a Believer of Okawaru.
             Slain by a worker ant (5 damage)
             ... on Level 8 of the Dungeon.
             The game lasted 00:09:23 (7475 turns).

Kae the Severer (Hill Orc Fighter)                  Turns: 7475, Time: 00:09:24

HP  -1/70        AC 11     Str 22      XL: 9   Next: 42%
MP   9/9         EV  6     Int  8      God: Okawaru [**....]
Gold 518         SH 18     Dex 10      Spells:  0 memorised,  8 levels left

rFire  . . .     SeeInvis .     a - +0,+1 war axe
rCold  . . .     Clarity  .     b - +0 scale mail
rNeg   . . .     Conserve .     c - +0 shield
rPois  .         rCorr    .     (no helmet)
rElec  .         rRot     .     q - +1 cloak
SustAb . .       Spirit   .     (no gloves)
rMut   .         Warding  .     (no boots)
Saprov + . .     Stasis   +     r - amulet of stasis
MR     .....                    (no ring)
                                (no ring)

@: not resistant to hostile enchantments, extremely unstealthy
A: thin metallic scales 1, saprovore 1
a: Heroism, Renounce Religion


You were on level 8 of the Dungeon.
You worshipped Okawaru.
Okawaru was pleased with you.
You were very hungry.

You visited 2 branches of the dungeon, and saw 9 of its levels.

You collected 518 gold pieces.

Inventory:

Hand weapons
 a - a +0,+1 war axe (weapon)
Armour
 b - a +0 scale mail (worn)
 c - a +0 shield (worn)
 q - a +1 cloak (worn)
Magical devices
 s - a wand of random effects (13)
 t - a wand of random effects (12)
 y - a wand of fireball (3) {unknown}
 D - a wand of disintegration (15) {unknown}
 E - a wand of magic darts (17)
 L - a wand of paralysis (11) {unknown}
Comestibles
 d - 2 meat rations
 f - an apple
 i - a choko
 m - 4 bread rations
 F - 17 grapes
 G - 2 sultanas
Scrolls
 e - a scroll of fog
 h - 5 scrolls of identify
 l - 3 scrolls of blinking
 o - a scroll of enchant armour
 p - a scroll of fear
 u - 4 scrolls of remove curse
 v - a scroll of random uselessness
 A - a scroll of teleportation {unknown}
 B - a scroll of acquirement {unknown}
Jewellery
 r - an amulet of stasis (around neck)
 I - an uncursed ring of ice {unknown}
Potions
 g - 3 potions of heal wounds
 j - 8 potions of curing
 n - a potion of speed
 w - a potion of berserk rage
 x - 2 potions of confusion
 z - a potion of flight
 C - a potion of lignification
 H - a potion of restore abilities {unknown}
 K - a potion of agility
Books
 k - a book of Control

   Spells                             Type                      Level
   Control Teleport                   Charms/Translocation         4
   Control Undead                     Necromancy                   4
   Enslavement                        Hexes                        4
   Mass Confusion                     Hexes                        6
   Metabolic Englaciation             Hexes/Ice                    5


   Skills:
 - Level 3.6 Fighting
 + Level 15.2 Axes
 - Level 3.2 Armour
 - Level 3.2 Shields


You had 8 spell levels left.
You didn't know any spells.

Dungeon Overview and Level Annotations

Branches:
Dungeon (8/16)             Temple (1/1) D:5            Lair (0/8) D:8

Altars:
Dithmenos
Fedhas
Nemelex Xobeh
Okawaru
Sif Muna
Vehumet
Yredelemnul
Zin
The Shining One

Shops:
D:5 (


Innate Abilities, Weirdness & Mutations

You can tolerate rotten meat.
You are partially covered in thin metallic scales (AC +2).


Message History

Okay, then.
Read which item? (? for menu, Esc to quit)
You cannot teleport right now.
You slash the worker ant!
The worker ant is heavily wounded.
The worker ant bites you.
* * * LOW HITPOINT WARNING * * *
You hit the boring beetle but do no damage.
The boring beetle is moderately wounded.
You slash the worker ant!
The worker ant is almost dead.
The worker ant barely misses you.
You hit the boring beetle but do no damage.
The boring beetle is moderately wounded.
You hit the worker ant but do no damage.
The worker ant is almost dead.
The boring beetle bites you.
* * * LOW HITPOINT WARNING * * *
The worker ant bites you.
You die...

##..##...#......#....# #....#
#........#...........# #.....
#...#....#........#..+ #.#...
#.....#.##...........# #.##..
#.....#.#............####.(...
####.....#.....?..............
#..##.#.B..B..........####.
#.####..########..#..#. #..
#....##.#.@....# ..#. ...
###.##..#Ba....# ... #.
##.##.#.#......# #.# #
##..##.#.#......# # .#
##..#..##.##'#####.## ..
##..##.#.#............. ...
#..####.#.....)........ ...
#.## #............### ### ###
#.#.######..... #


You could see a boring beetle and a worker ant.

Vanquished Creatures
  2 hippogriffs
  A black bear (D:8)
  An ice beast (D:5)
  A phantom (D:5)
  4 centaurs
  3 boring beetles (D:8)
  A giant frog (D:6)
  2 scorpions (D:4)
  A gnoll sergeant (D:5)
  4 wights (D:7)
  3 crimson imps
  A quasit (D:8)
  2 giant frog skeletons
  A goliath beetle (D:7)
  3 hounds
  A centaur skeleton (D:8)
  2 orc priests
  An iguana (D:8)
  2 orc wizards
  2 worker ants
  Terence (D:2)
  6 adders
  8 gnolls
  A giant mite (D:2)
  2 inept feature mimics
  5 worms
  An inept item mimic (D:8)
  An adder skeleton (D:4)
  4 giant geckos
  2 oozes
  18 orcs
  A bat zombie (D:7)
  7 giant cockroaches
  13 hobgoblins
  7 jackals
  12 kobolds
  10 bats
  3 giant newts
  15 goblins
  2 quokkas
  15 rats
172 creatures vanquished.

Notes
Turn   | Place    | Note
--------------------------------------------------------------
     0 | D:1      | Kae, the Hill Orc Fighter, began the quest for the Orb.
     0 | D:1      | Reached XP level 1. HP: 19/19 MP: 1/1
   287 | D:1      | Reached XP level 2. HP: 17/26 MP: 2/2
   516 | D:1      | Reached skill level 4 in Axes
   860 | D:2      | Reached XP level 3. HP: 26/31 MP: 3/3
   869 | D:2      | Reached skill level 5 in Axes
  1206 | D:2      | Noticed Terence
  1217 | D:2      | Killed Terence
  1217 | D:2      | Reached XP level 4. HP: 27/39 MP: 4/4
  1351 | D:2      | Reached skill level 6 in Axes
  2349 | D:3      | Reached XP level 5. HP: 45/45 MP: 5/5
  2492 | D:4      | Reached skill level 7 in Axes
  2817 | D:4      | Reached skill level 8 in Axes
  2817 | D:4      | Reached XP level 6. HP: 34/51 MP: 6/6
  3331 | D:5      | Entered Level 5 of the Dungeon
  3513 | D:5      | Reached skill level 9 in Axes
  3848 | D:5      | Reached XP level 7. HP: 19/57 MP: 7/7
  4136 | D:5      | Found Exoomp's Weapon Boutique.
  4182 | D:5      | Reached skill level 10 in Axes
  4275 | D:5      | Found a staircase to the Ecumenical Temple.
  4294 | Temple   | Entered the Ecumenical Temple
  4388 | Temple   | Became a worshipper of Warmaster Okawaru
  4585 | D:5      | Reached skill level 11 in Axes
  4778 | D:5      | Acquired Okawaru's first power
  4778 | D:5      | Reached XP level 8. HP: 62/64 MP: 8/8
  5105 | D:6      | Found a basalt altar of Yredelemnul.
  5210 | D:6      | Found a deep blue altar of Sif Muna.
  5268 | D:6      | Reached skill level 12 in Axes
  5534 | D:6      | Found a glowing golden altar of the Shining One.
  5646 | D:7      | Gained mutation: You are partially covered in thin metallic scales (AC +2). [potion of beneficial mutation]
  6124 | D:7      | Reached skill level 13 in Axes
  6482 | D:8      | Reached skill level 14 in Axes
  6482 | D:8      | Reached XP level 9. HP: 52/70 MP: 9/9
  7168 | D:8      | Found a staircase to the Lair.
  7249 | D:8      | Reached skill level 15 in Axes
  7475 | D:8      | Slain by a worker ant

Action                   |  1- 3 |  4- 6 |  7- 9 || total
-------------------------+-------+-------+-------++-------
Melee: War axe           |   109 |   222 |   337 ||   668
Evoke: Wand              |       |     1 |       ||     1
  Use: Potion            |     1 |     1 |     1 ||     3
       Scroll            |       |     2 |    12 ||    14
